 Dungeon Crawl Stone Soup version 0.22-a0-292-g0df9d5f (webtiles) character file.

3031 Amnesiac the Thaumaturge (level 9, 0/45 HPs)
             Began as a Tengu Air Elementalist on Mar 23, 2018.
             Was a Priest of Sif Muna.
             Hit by a large rock thrown by a cyclops (45 damage)
             ... on level 7 of the Dungeon.
             The game lasted 00:18:50 (8576 turns).

Amnesiac the Thaumaturge (Tengu Air Elementalist)   Turns: 8576, Time: 00:18:51

Health: 0/45       AC:  6    Str:  8    XL:     9   Next: 86%
Magic:  10/23      EV: 12    Int: 20    God:    Sif Muna [***...]
Gold:   297        SH:  5    Dex: 16    Spells: 13/27 levels left

rFire    . . .     SeeInvis .   y - staff of poison
rCold    . . .     Gourm    .   h - +0 buckler
rNeg     . . .     Faith    .   t - +0 troll leather armour
rPois    +         Spirit   .   (helmet restricted)
rElec    .         Reflect  .   A - +1 cloak
rCorr    .         Harm     .   (no gloves)
MR       .....                  (boots unavailable)
Stlth    ++........             o - amulet of regeneration
HPRegen  0.95/turn              x - ring of wizardry
MPRegen  0.18/turn              i - +2 ring of intelligence

@: divine energy
A: beak, talons 3, able to fly 1
a: Fly, Stop Divine Energy, Channel Magic, Renounce Religion


You were on level 7 of the Dungeon.
You worshipped Sif Muna.
Sif Muna was most pleased with you.
You were not hungry.

You visited 2 branches of the dungeon, and saw 8 of its levels.
You also visited: Sewer.

You collected 297 gold pieces.

Inventory:

Hand Weapons
 D - the +10 rapier of Vizotiq {pierce, MR+, unknown}
   (You found it on level 7 of the Dungeon)

   It inflicts extra damage upon your enemies.
   It affects your resistance to hostile enchantments.
Missiles
 d - 2 throwing nets (quivered)
 p - 16 poisoned needles
Armour
 h - a +0 buckler (worn)
 t - a +0 troll leather armour (worn)
 A - a +1 cloak (worn)
 B - a +0 pair of gloves
Magical Staves
 y - an uncursed staff of poison (weapon)
Jewellery
 i - a +2 ring of intelligence (right hand)
 o - an amulet of regeneration (around neck)
 x - a ring of wizardry (left hand)
Wands
 j - a wand of enslavement (10)
 n - a wand of paralysis (13)
Scrolls
 a - a scroll of identify {!r}
 b - 4 scrolls of teleportation {!r}
 q - 3 scrolls of amnesia {!r}
 w - 2 scrolls of enchant armour {!r, unknown}
 C - a scroll of blinking {!r, unknown}
 F - a scroll of enchant weapon {!r, unknown}
Potions
 e - 2 potions of flight {!q, unknown}
 f - 2 potions of invisibility {!q, unknown}
 g - a potion of resistance {!q}
 k - 2 potions of lignification {!q, unknown}
 l - a potion of cancellation {!q, unknown}
 m - 6 potions of brilliance {!q, unknown}
 r - 2 potions of agility {!q}
 s - 5 potions of curing {!q, unknown}
 u - 7 potions of heal wounds {!q, unknown}
 v - 2 potions of might {!q}
 z - 2 potions of haste {!q}
Comestibles
 c - 16 rations
 E - 5 chunks of flesh


   Skills:
 - Level 2.1 Dodging
 - Level 2.0 Stealth
 - Level 4.1 Shields
 * Level 9.9 Spellcasting
 - Level 1.3 Conjurations
 + Level 9.9 Air Magic


You had 13 spell levels left.
You knew the following spells:

 Your Spells              Type           Power        Failure   Level  Hunger
a - Airstrike             Air            #####.....   1%          4    ##.....
b - Lightning Bolt        Conj/Air       ####......   11%         5    #####..
c - Swiftness             Chrm/Air       ####....     1%          2    None
r - Regeneration          Chrm/Necr      #.........   12%         3    None


Dungeon Overview and Level Annotations

Branches:
Dungeon (7/15)             Temple (1/1) D:4

Altars:
Ashenzari
Cheibriados
Dithmenos
Elyvilon
Gozag
Hepliaklqana
Kikubaaqudgha
Makhleb
Nemelex Xobeh
Okawaru
Qazlal
Ru
Sif Muna
Trog
Uskayaw
Vehumet
Yredelemnul
Zin
The Shining One

Shops:
D:6 %


Innate Abilities, Weirdness & Mutations

You have a beak for a mouth.
You have claws for feet.
You can fly.


Message History

You kill the orc!
Sif Muna accepts your kill.
All of the chunks of flesh in your inventory have rotted away.
You now have 297 gold pieces (gained 29).
Things that are here:
a flail; a leather armour You are feeling hungry.
Things that are here:
a flail; a chain mail Magic restored.
c - 16 rations (gained 1) 2 orcs come into view.
There are monsters nearby!
Casting: Airstrike (safe; 1% risk of failure)
Confirm with . or Enter, or press ? or * to list all spells.
Aiming: Airstrike (safe; 1% risk of failure)
Press: ? - help, Dir - move target cursor, f - orc
Aim: an orc, wielding a short sword The air twists around and strikes the orc!
You kill the orc!
Sif Muna accepts your kill.
Casting: Airstrike (safe; 1% risk of failure)
Confirm with . or Enter, or press ? or * to list all spells.
Aiming: Airstrike (safe; 1% risk of failure)
Press: ? - help, Dir - move target cursor, f - orc
Aim: an orc The air twists around and strikes the orc!
You kill the orc!
Sif Muna accepts your kill.
Casting: Airstrike (safe; 1% risk of failure)
Confirm with . or Enter, or press ? or * to list all spells.
You can't see any susceptible monsters within range! (Use Z to cast anyway.)
n - a wand of paralysis (13) (gained 5 charges)
You butcher the orc corpse.
E - 3 chunks of flesh You see here an orc skeleton. x2
Eating one of 3 chunks of flesh.
You eat one of the 3 chunks of flesh.
This raw flesh tastes terrible.
Things that are here:
a short sword; an orc corpse You butcher the orc corpse.
E - 5 chunks of flesh (gained 3)
You see here a short sword. x2
F - a scroll labeled EXIBEF REAHUX {!r} A cyclops is nearby!
Casting: Airstrike (safe; 1% risk of failure)
Confirm with . or Enter, or press ? or * to list all spells.
Aiming: Airstrike (safe; 1% risk of failure)
Press: ? - help, Dir - move target cursor, f - cyclops
Aim: a cyclops (hasn't noticed you)
The air twists around and strikes the cyclops!
The cyclops shouts!
The cyclops is moderately wounded.
You hear a shout! x2
Casting: Airstrike (safe; 1% risk of failure)
Confirm with . or Enter, or press ? or * to list all spells.
Aiming: Airstrike (safe; 1% risk of failure)
Press: ? - help, Dir - move target cursor, f/p - cyclops
Aim: a cyclops (moderately wounded)
The air twists around and strikes the cyclops!
The cyclops is heavily wounded.
The cyclops throws a large rock.
The large rock hits you!!!
Ouch! That really hurt!
You die...

....#...##.# ##.#)# #......##.#
#.#.# #.###..##.#####.#.######
#......##.##............
.....#...##.##.###...##### .###
#...##.##.# #...##...
...?.#....#.##.# ##..##.##
#....รท..#.##.## #..##.# ##
#)###.)@......# ##.##.# ..
#......#......####.##.#
#..C..#...#......#.......# .###
#(###.#...##.##.##.......##
.....#..)..#...#.....#......>...
#..?..#......#######.......###
#.###C#.###..##### #.#######
#....(#......#<..# #.#
......#........##...# #.#


You could see a cyclops.

Vanquished Creatures
  The ghost of Nib the Skirmisher, a novice DsGl of Makhleb (D:7)
  Grinder (D:3)
  The ghost of TheNamelessOne the Conjurer, an amateur DsCj (D:3)
  Edmund (D:4)
  A water moccasin (D:6)
  An orc warrior (D:7)
  3 sky beasts
  A phantom (D:4)
  2 ogres
  A centaur (D:5)
  A gnoll sergeant (D:6)
  A bullfrog (D:6)
  A scorpion (D:5)
  2 crimson imps
  A quasit (D:5)
  2 hounds
  3 orc wizards
  A bullfrog skeleton (D:6)
  3 orc priests
  Crazy Yiuf (D:4)
  3 iguanas
  Natasha (thrice) (D:4)
  6 worker ants
  A worker ant zombie (D:6)
  4 gnolls (D:6)
  9 river rats
  9 adders
  An ooze (D:2)
  5 worms
  4 dart slugs
  7 leopard geckos
  18 orcs
  5 bats
  7 giant cockroaches
  5 goblins
  4 hobgoblins
  14 jackals
  A quokka (D:7)
  8 ball pythons
  9 frilled lizards
  19 kobolds
  A leopard gecko skeleton (D:4)
  A leopard gecko zombie (D:5)
  29 rats
202 creatures vanquished.

Vanquished Creatures (others)
  A worker ant (D:3)
  An adder (D:3)
2 creatures vanquished.

Grand Total: 204 creatures vanquished

Notes
Turn   | Place    | Note
-------+----------+-------------------------------------------
     0 | D:1      | Amnesiac the Tengu Air Elementalist began the quest for the Orb.
     0 | D:1      | Reached XP level 1. HP: 10/10 MP: 4/4
   121 | D:1      | Reached XP level 2. HP: 12/15 MP: 1/6
   650 | D:1      | Reached skill level 5 in Air Magic
   753 | D:1      | Reached XP level 3. HP: 19/19 MP: 1/7
  1583 | D:2      | Reached XP level 4. HP: 24/24 MP: 7/9
  1589 | D:2      | Learned a level 4 spell: Airstrike
  2027 | D:3      | Gained mutation: You can fly. [Tengu growth]
  2027 | D:3      | Reached XP level 5. HP: 14/28 MP: 0/10
  2112 | D:3      | Found a sacrificial altar of Ru.
  2277 | D:3      | Found a glowing drain.
  2282 | Sewer    | Entered a sewer
  2945 | Sewer    | Reached XP level 6. HP: 24/32 MP: 1/12
  4009 | D:3      | Noticed TheNamelessOne's ghost (amateur DsCj)
  4083 | D:4      | Noticed Natasha
  4085 | D:4      | Killed Natasha
  4224 | D:4      | Noticed Natasha
  4227 | D:4      | Killed Natasha
  4360 | D:3      | Killed TheNamelessOne's ghost
  4360 | D:3      | Reached skill level 5 in Spellcasting
  4360 | D:3      | Reached XP level 7. HP: 36/36 MP: 3/15
  4563 | D:3      | Reached skill level 1 in Shields
  5052 | D:4      | Noticed Grinder
  5222 | D:4      | Noticed Edmund
  5376 | D:4      | Killed Edmund
  5472 | D:4      | Found a staircase to the Ecumenical Temple.
  5490 | Temple   | Entered the Ecumenical Temple
  5621 | Temple   | Became a worshipper of Sif Muna the Loreminder
  5673 | D:4      | Found a hide-covered altar of Uskayaw.
  5714 | D:4      | Noticed Natasha
  5787 | D:3      | Killed Grinder
  5787 | D:3      | Reached XP level 8. HP: 41/41 MP: 2/17
  5977 | D:4      | Killed Natasha
  6177 | D:4      | Found a runed door.
  6180 | D:4      | Got a warped mace
  6332 | D:4      | Noticed Crazy Yiuf
  6334 | D:4      | Killed Crazy Yiuf
  6359 | D:4      | Identified the +5 mace of Zuifruobb {crush, rPois rN++ Str+6 Dex-4} (You found it on level 4 of the Dungeon)
  6396 | D:5      | Entered Level 5 of the Dungeon
  6427 | D:5      | Reached * piety under Sif Muna
  6694 | D:5      | Learned a level 3 spell: Regeneration
  6700 | D:5      | Learned a level 5 spell: Lightning Bolt
  6703 | D:5      | Learned a level 2 spell: Swiftness
  6715 | D:5      | Got a shimmering whip
  6716 | D:5      | Identified the +3 whip of Olarichi {slash, Fragile rElec rC+ SInv} (You found it on level 5 of the Dungeon)
  6885 | D:6      | Reached ** piety under Sif Muna
  6885 | D:6      | Reached XP level 9. HP: 45/45 MP: 9/22
  7051 | D:6      | Found a glowing silver altar of Zin.
  7057 | D:6      | Found Fefoipliut's Food Boutique.
  7760 | D:7      | Noticed a cyclops
  8091 | D:7      | Got a brightly glowing rapier
  8236 | D:7      | Noticed Nib's ghost (novice DsGl)
  8286 | D:7      | Killed Nib's ghost
  8286 | D:7      | Reached *** piety under Sif Muna
  8576 | D:7      | Hit by a large rock thrown by a cyclops

Vault maps used:
D:1:      minmay_arrival_shattered_statue
D:3:      nicolae_overflow_crystal_walls, lightli_sewer_entry_pipes,
          first_ration
D:4:      eat_drink_and_be_merry_uskayaw, minmay_temple_entry_statues_fountains,
          uniq_crazy_yiuf_cottage, uniq_edmund, uniq_grinder, uniq_natasha
D:6:      zin_academy, serial_shops, shop
D:7:      hangedman_cross_stitches
Temple:   nicolae_temple_elliptical
Sewer:    sewer_minmay_treatment

Skill      XL: |  1  2  3  4  5  6  7  8  9 |
---------------+----------------------------+-----
Air Magic      | 5 6 7 8 9 |  9.9
Spellcasting   | 3 5 8 9 |  9.9
Shields        | 3 4 |  4.1
Dodging        | |  2.1
Stealth        | |  2.0
Conjurations   | |  1.3

Action                   |  1- 3 |  4- 6 |  7- 9 || total
-------------------------+-------+-------+-------++-------
Melee: Unarmed           |    15 |    19 |       ||    34
       Kick              |     4 |    12 |     8 ||    24
       Peck              |     4 |     2 |     2 ||     8
       Dagger            |       |    23 |    18 ||    41
       Mace              |       |       |     8 ||     8
       Whip              |       |       |    12 ||    12
 Cast: Shock             |    90 |    64 |       ||   154
       Airstrike         |       |    36 |   149 ||   185
Invok: Divine Energy     |       |       |     1 ||     1
 Abil: Fly               |       |     5 |     1 ||     6
Evoke: Wand              |       |       |     1 ||     1
  Use: Potion            |       |     1 |     1 ||     2
       Scroll            |       |    11 |       ||    11
 Stab: Paralysed         |       |       |     3 ||     3
       Sleeping          |       |       |     2 ||     2
  Eat: Chunk             |     3 |    17 |    25 ||    45
       Ration            |       |       |     1 ||     1
Armor: Robe              |     9 |    10 |     2 ||    21
       Troll leather arm |       |       |    18 ||    18
Dodge: Dodged            |    16 |    51 |    34 ||   101
Block: Buckler           |       |       |    12 ||    12

Table legend:
 A = Spawn XP
 B = Non-spawn XP
 C = Spawn XP percentage of total XP
 D = Spawn monster count
 E = Non-spawn monster count
 F = Spawn count percentage of total count
 G = Total turns spent on level
                    A         B        C        D         E        F      G
               +---------+---------+-------+---------+---------+-------+---------
         Total |       0 |    4331 |   0.0 |       0 |     203 |   0.0 |  8576
               +---------+---------+-------+---------+---------+-------+---------
           D:1 |       0 |      43 |   0.0 |       0 |      26 |   0.0 |  1068
           D:2 |       0 |      39 |   0.0 |       0 |      15 |   0.0 |   679
           D:3 |       0 |     684 |   0.0 |       0 |      33 |   0.0 |  2365
           D:4 |       0 |     704 |   0.0 |       0 |      24 |   0.0 |   983
           D:5 |       0 |     583 |   0.0 |       0 |      16 |   0.0 |   486
           D:6 |       0 |     886 |   0.0 |       0 |      29 |   0.0 |   991
           D:7 |       0 |    1208 |   0.0 |       0 |      12 |   0.0 |   703
         Sewer |       0 |     184 |   0.0 |       0 |      48 |   0.0 |  1147
               +---------+---------+-------+---------+---------+-------+---------
